 Dungeon Sprint DCSS version 0.28.0-43-g3370ac3207 (webtiles) character file.

Game seed: 11123494589605457805

441 boopmooplesden the Carver (level 6, -3/91 HPs)
             Began as a Minotaur Berserker on Mar 10, 2022.
             Was a Follower of Trog.
             Slain by a neqoxec (14 damage)
             ... while paralysed
             ... in the Dungeon (Sprint II: "The Violet Keep of Menkaure").
             The game lasted 00:00:22 (215 turns).

boopmooplesden the Carver (Minotaur Berserker)       Turns: 215, Time: 00:00:22

Health: -3/91      AC:  2    Str: 22 (24) XL:     6   Next: 70%
Magic:  5/5        EV:  2    Int:  0 (4)  God:    Trog [*.....]
Gold:   243        SH:  0    Dex:  9      Spells: 5/5 levels left

rFire   . . .      SeeInvis .   a - +0 falchion
rCold   . . .      Faith    .   (no shield)
rNeg    . . .      Spirit   .   b - +0 animal skin
rPois   .          Reflect  .   (helmet restricted)
rElec   .          Harm     .   (no cloak)
rCorr   .          Rampage  .   (no gloves)
Will    .....      NoTele   +   (no boots)
Stlth   ..........              (no amulet)
HPRegen 0.25/turn               (no ring)
MPRegen 0.09/turn               (no ring)

@: paralysed, berserking (expiring), slowed, lost intelligence, unable to read
A: horns 2, retaliatory headbutt, deterioration 1, frail 1, screaming 1
a: Renounce Religion, Berserk


You were in the Dungeon.
You worshipped Trog.
Trog was aware of your devotion.
You visited 1 branch You collected 243 gold pieces.

Inventory:

Hand Weapons
 a - a +0 falchion (weapon)
Armour
 b - a +0 animal skin (worn)
Scrolls
 h - a scroll of blinking
Potions
 c - a potion of curing
 d - a potion of heal wounds
 e - a potion of haste
 f - 2 potions of magic
 g - a potion of berserk rage


   Skills:
 + Level 11.3 Fighting
 + Level 11.6 Long Blades
 + Level 6.0 Armour
 + Level 5.4 Dodging
 + Level 0.1 Stealth


You had 5 spell levels left.
You didn't know any spells.
Your spell library was empty.

Dungeon Overview and Level Annotations

Branches:
Dungeon (1/1)

Altars:


Innate Abilities, Weirdness & Mutations

You have a pair of horns on your head.
You reflexively headbutt those who attack you in melee.
Your body sometimes deteriorates upon taking damage.
You are frail. (-10% HP)
You occasionally shout uncontrollably at your foes.


Message History

You kill the neqoxec!
Trog accepts your kill.
Your Fighting skill increases to level 11!
Your Long Blades skill increases to level 11!
Your Armour skill increases to level 6!
Your Dodging skill increases to level 5!
Unknown command.
The neqoxec hits you! The neqoxec gestures at you.
You feel dopey. Something feeds on your intellect! The neqoxec gestures at you.
Strange energies course through your body.
There is an open door, spattered with blood here.
You barely miss the neqoxec. The neqoxec hits you.
You slash the neqoxec!
The neqoxec is moderately wounded.
The neqoxec gestures at you.
Strange energies course through your body.
You feel yourself wasting away. The neqoxec gestures at you.
You feel dopey.
You have lost your intelligence.
Something feeds on your intellect!
The neqoxec hits you! x2; The neqoxec hits you.
The neqoxec gestures at you.
Strange energies course through your body.
You feel frail. The neqoxec hits you. The neqoxec hits you!
* * * LOW HITPOINT WARNING * * *
Your body deteriorates!
You feel weakened. The neqoxec hits you!
* * * LOW HITPOINT WARNING * * *
Your body deteriorates!
You feel weakened. The neqoxec gestures at you.
Strange energies course through your body.
You feel the urge to shout. The neqoxec hits you.
* * * LOW HITPOINT WARNING * * *
The neqoxec hits you!
You die...

### ##
#..##.#
#333####
#@###.##
##.##.).#
+.<.'.#.+
##.##...#
#+###.##
##


You could see 3 neqoxecs.

Vanquished Creatures
  A merfolk siren (D)
  A neqoxec (D)
2 creatures vanquished.

Notes
Turn   | Place    | Note
-------+----------+-------------------------------------------
     0 | D        | boopmooplesden the Minotaur Berserker began the quest for
                  | the Orb.
     0 | D        | Reached XP level 1. HP: 19/19 MP: 0/0
     1 | D        | Noticed a merfolk siren
    24 | D        | Killed a merfolk siren
    25 | D        | Reached skill level 10 in Fighting
    25 | D        | Reached skill level 10 in Long Blades
    25 | D        | Reached skill level 5 in Armour
    25 | D        | Reached XP level 2. HP: 17/39 MP: 1/1
    25 | D        | Reached XP level 3. HP: 20/46 MP: 2/2
    25 | D        | Reached XP level 4. HP: 23/52 MP: 3/3
    25 | D        | Reached XP level 5. HP: 26/59 MP: 4/4
    25 | D        | Reached XP level 6. HP: 30/67 MP: 5/5
   203 | D        | Noticed a neqoxec
   203 | D        | Noticed a neqoxec
   203 | D        | Noticed a neqoxec
   203 | D        | Noticed a neqoxec
   208 | D        | Killed a neqoxec
   209 | D        | Reached skill level 5 in Dodging
   211 | D        | Gained mutation: Your body sometimes deteriorates upon
                  | taking damage. [a neqoxec]
   211 | D        | Lost intelligence.
   213 | D        | Gained mutation: You are frail. (-10% HP) [a neqoxec]
   214 | D        | Gained mutation: You occasionally shout uncontrollably at
                  | your foes. [a neqoxec]
   215 | D        | Slain by a neqoxec

Illustrated notes

Levels and vault maps discovered:
D:        the_violet_keep_of_menkaure [sprint2_stairs_cluster_1,
          sprint2_shoproom, sprint2_temple, sprint2_basic_supplies,
          sprint2_obstacle_4, sprint2_obstacle_6, sprint2_obstacle_7,
          sprint2_obstacle_5, sprint2_obstacle_1, sprint2_timed_cluster_1,
          sprint2_smallroom_cluster_1, sprint2_smallroom_final_cluster_1,
          sprint2_transparent_cluster_1, sprint2_second_timed_cluster_1,
          sprint2_sniper_area_1, sprint2_heavy_combat_area_1,
          sprint2_mutation_trap_area_1, sprint2_forest_area_1,
          sprint2_light_combat_area_1, sprint2_behind_water_1,
          sprint2_near_end_vault_1]

Skill      XL: |  1  2  3  4  5  6 |
---------------+-------------------+-----
Fighting       | 10 11 | 11.3
Long Blades    | 10 11 | 11.6
Armour         | 5 6 |  6.0
Dodging        | 4 5 |  5.4
Stealth        | |  0.1

Action                   |  1- 3 |  4- 6 || total
-------------------------+-------+-------++-------
Melee: Falchion          |    21 |     6 ||    27
       Headbutt          |     1 |     1 ||     2
Invok: Berserk           |       |     1 ||     1
Dodge: Dodged            |     1 |     1 ||     2
